 Dungeon Crawl Stone Soup version 0.16.2-12-gd0ad4c3 (webtiles) character file.

2421 Adamkad1 the Shield-Bearer (level 9, 0/69 (70) HPs)
             Began as a Hill Orc Fighter on Sept 13, 2015.
             Was a Follower of Beogh.
             Succumbed to aliceinspace's ghost's poison
             ... on level 7 of the Dungeon on Sept 14, 2015.
             The game lasted 00:46:21 (8111 turns).

Adamkad1 the Shield-Bearer (Hill Orc Fighter)       Turns: 8111, Time: 00:46:21

HP:   0/69 (70)     AC: 10    Str: 20    XL:     9   Next: 48%
MP:   9/9           EV:  8    Int:  8    God:    Beogh [*.....]
Gold: 284           SH: 16    Dex: 10    Spells: 0 memorised, 8 levels left

rFire  + . .     SeeInvis .     a - +1 war axe
rCold  x . .     Clarity  +     b - +1 scale mail
rNeg   + . .     SustAb   .     j - +0 large shield
rPois  .         Gourm    .     (helmet restricted)
rElec  .         Spirit   .     (no cloak)
rCorr  .         Warding  .     p - +0 pair of gloves
rMut   .         Stasis   .     (no boots)
MR     .....                    (no amulet)
Stlth  ..........               y - ring of fire
                                s - ring of positive energy

@: lethally poisoned (0 -> -18), not resistant to hostile enchantments,
extremely unstealthy
A: antennae 1, clarity, frail 1, weak 1
a: Renounce Religion


You were on level 7 of the Dungeon.
You worshipped Beogh.
Beogh was aware of your devotion.
You were not hungry.

You visited 2 branches of the dungeon, and saw 9 of its levels.

You collected 284 gold pieces.

Inventory:

Hand weapons
 a - a +1 war axe (weapon)
 e - the cursed +2 great sword "Stemeiza" {speed, rElec rC- rN+, unknown}
   (You found it on level 6 of the Dungeon)

   Attacks with this weapon are significantly faster.
   It makes you vulnerable to cold.
   It insulates you from electricity.
   It protects you from negative energy.
   It has a curse placed upon it.
 m - a +2 trident of piercing
Missiles
 o - 13 poisoned needles
 q - 16 bolts
Armour
 b - a +1 scale mail (worn)
 c - a +1 shield
 i - a +0 leather armour
 j - a +0 large shield (worn)
 k - a +0 ring mail
 l - a +0 shield
 p - a +0 pair of gloves (worn)
 u - a +0 pair of gloves
Jewellery
 r - an uncursed ring of stealth
 s - a ring of positive energy (left hand)
 v - a +2 ring of dexterity
 y - a ring of fire (right hand)
 B - an uncursed ring of ice
 C - an uncursed ring of protection from cold
Magical devices
 n - a wand of flame (0)
Scrolls
 h - 2 scrolls of identify
 t - a scroll of random uselessness {unknown}
 A - a scroll of recharging
 E - 2 scrolls of remove curse
Comestibles
 d - a meat ration
 f - a royal jelly
 g - 7 bread rations
 w - 5 fruits
 x - 2 beef jerkies


   Skills:
 + Level 6.7 Fighting
 + Level 7.4 Axes
 + Level 6.9 Armour
 + Level 4.4 Dodging
 + Level 1.1 Stealth
 + Level 7.6 Shields


You had 8 spell levels left.
You didn't know any spells.

Dungeon Overview and Level Annotations

Branches:
Dungeon (8/15)             Temple (1/1) D:6
   Lair: D:8-11

Altars:
Ashenzari
Cheibriados
Dithmenos
Elyvilon
Fedhas
Gozag
Kikubaaqudgha
Nemelex Xobeh
Okawaru
Qazlal
Ru
Sif Muna
Trog
Vehumet
Xom
Zin
The Shining One

Shops:
D:4 [

Annotations:
D:8 aliceinspace's ghost, experienced GrWz


Innate Abilities, Weirdness & Mutations

You have a pair of small antennae on your head.
You possess an exceptional clarity of mind.
You are frail (-10% HP).
You are weak. (Str -2)


Message History

The goliath beetle bites you!
* * * LOW HITPOINT WARNING * * *
Aliceinspace's ghost points at you and mumbles some strange words.
The magic dart hits you!
* * * LOW HITPOINT WARNING * * *
* * * LOW HITPOINT WARNING * * *
You feel very sick.
You block aliceinspace's ghost's attack.
You block the goliath beetle's attack.
You climb upwards.
* * * LOW HITPOINT WARNING * * *
You feel very sick.
There is a stone staircase leading down here.
* * * LOW HITPOINT WARNING * * *
You feel sick.
Things that are here:
a robe; a dagger
* * * LOW HITPOINT WARNING * * *
You feel sick.
You die...

#......# .......#
.......# ..8....#
.......###########
................>#
###....#########B#
###............).#
....###........)@#
###.# #..........#
#.# #..........#
#.# #..........#
#.# #..........# #
#.###..........#
###...'..........#
.....##..........#
.....##..........#


You could see a goliath beetle.

Vanquished Creatures
  The ghost of Burgundious the Slinger, an experienced HaHu (D:6)
  A water moccasin (D:8)
  An orc warrior (D:6)
  3 phantoms (D:5)
  2 ogres
  A necrophage (D:7)
  A centaur (D:7)
  3 giant frogs (D:7)
  A scorpion (D:7)
  2 wights (D:7)
  A centaur zombie (D:7)
  A goliath beetle (D:7)
  3 crimson imps
  3 jellies
  7 hounds
  A centaur skeleton (D:4)
  An iguana (D:8)
  2 orc wizards
  3 worker ants
  A killer bee zombie (D:5)
  A hound skeleton (D:7)
  2 worker ant zombies
  A gnoll (D:1)
  8 adders
  2 giant mites
  2 shadow imps
  4 worms
  An adder skeleton (D:4)
  5 giant geckos
  An ooze (D:6)
  14 orcs
  3 giant cockroaches
  12 goblins
  8 hobgoblins
  8 jackals
  5 kobolds
  2 quokkas (D:6)
  4 ball pythons
  12 bats
  4 giant newts
  A jackal zombie (D:7)
  An orc zombie (D:5)
  12 rats
152 creatures vanquished.

Notes
Turn   | Place    | Note
--------------------------------------------------------------
     0 | D:1      | Adamkad1, the Hill Orc Fighter, began the quest for the Orb.
     0 | D:1      | Reached XP level 1. HP: 19/19 MP: 1/1
   639 | D:1      | Reached XP level 2. HP: 16/27 MP: 2/2
   960 | D:1      | Reached XP level 3. HP: 33/33 MP: 3/3
  1263 | D:2      | Reached skill level 4 in Fighting
  1343 | D:2      | Found a stormy altar of Qazlal.
  1343 | D:2      | Found a glowing silver altar of Zin.
  1427 | D:2      | Found a sparkling altar of Nemelex Xobeh.
  1427 | D:2      | Found an opulent altar of Gozag.
  1492 | D:2      | Reached XP level 4. HP: 27/40 MP: 4/4
  2149 | D:3      | Found a radiant altar of Vehumet.
  2382 | D:3      | Found a sacrificial altar of Ru.
  2531 | D:4      | Reached skill level 1 in Dodging
  2551 | D:4      | Reached XP level 5. HP: 39/46 MP: 5/5
  2799 | D:4      | Found a snail-covered altar of Cheibriados.
  3029 | D:4      | Found Charod's Antique Armour Boutique.
  3236 | D:4      | Found a glowing golden altar of the Shining One.
  3277 | D:4      | Found a deep blue altar of Sif Muna.
  3707 | D:5      | Entered Level 5 of the Dungeon
  3778 | D:5      | Reached XP level 6. HP: 52/52 MP: 6/6
  4068 | D:5      | Noticed a phantom
  4134 | D:5      | Killed a phantom
  4134 | D:5      | Reached skill level 5 in Armour
  4134 | D:5      | Reached skill level 5 in Shields
  4134 | D:5      | Reached XP level 7. HP: 47/60 MP: 7/7
  4273 | D:5      | Noticed a phantom
  4336 | D:5      | Killed a phantom
  4382 | D:5      | Noticed a phantom
  4436 | D:5      | Killed a phantom
  4436 | D:5      | Reached skill level 5 in Fighting
  4436 | D:5      | Reached skill level 5 in Axes
  4608 | D:6      | Gained mutation: You have a pair of small antennae on your head. [potion of mutation]
  4608 | D:6      | Gained mutation: You are weak. (Str -2) [potion of mutation]
  4608 | D:6      | Gained mutation: You are frail (-10% HP). [potion of mutation]
  4666 | D:6      | Got a blackened great sword
  4916 | D:6      | Reached skill level 6 in Shields
  4916 | D:6      | Reached XP level 8. HP: 24/62 MP: 8/8
  5173 | D:6      | Found a staircase to the Ecumenical Temple.
  5185 | Temple   | Entered the Ecumenical Temple
  5478 | D:6      | Gained mutation: You possess an exceptional clarity of mind. [potion of beneficial mutation]
  5583 | D:6      | Noticed Burgundious' ghost (experienced HaHu)
  5695 | D:6      | Killed Burgundious' ghost
  5695 | D:6      | Reached skill level 1 in Stealth
  6207 | D:7      | Became a worshipper of Beogh the Brigand
  6316 | D:7      | Reached skill level 7 in Shields
  6316 | D:7      | Reached XP level 9. HP: 63/67 MP: 9/9
  7295 | D:8      | Noticed aliceinspace's ghost (experienced GrWz)
  7321 | D:8      | Acquired Beogh's first power
  8110 | D:7      | HP: 2/69 [poisoned by aliceinspace's ghost]
  8111 | D:7      | Succumbed to aliceinspace's ghost's poison

Action                   |  1- 3 |  4- 6 |  7- 9 || total
-------------------------+-------+-------+-------++-------
Melee: War axe           |   108 |   204 |   406 ||   718
Throw: Javelin           |       |     2 |       ||     2
Invok: Convert to Beogh  |       |       |     1 ||     1
  Use: Scroll            |     4 |     8 |       ||    12
       Potion            |       |     6 |     8 ||    14
  Eat: Chunk             |     2 |     4 |    10 ||    16
       Meat ration       |       |     1 |     1 ||     2
